 Dungeon Crawl Stone Soup version 0.23.2-33-g5129a83184 (webtiles) character file.

Game seed: 691231880736876909

14306 Requin the Cleaver (level 12, -1/106 HPs)
             Began as a Hill Orc Fighter on July 5, 2019.
             Was a High Priest of Beogh.
             Killed from afar by Jorgrun (14 damage)
             ... with a blast of rock fragments
             ... on level 12 of the Dungeon on July 6, 2019.
             The game lasted 01:13:50 (11917 turns).

Requin the Cleaver (Hill Orc Fighter)              Turns: 11917, Time: 01:13:50

Health: -1/106     AC: 18    Str: 24    XL:     12   Next: 15%
Magic:  13/15      EV:  6    Int: 13    God:    Beogh [*****.]
Gold:   295        SH: 13    Dex: 10    Spells: 11/11 levels left

rFire    + + .     SeeInvis +   i - +0 war axe
rCold    x . .     Gourm    .   q - +0 shield
rNeg     . . .     Faith    .   G - +0 plate armour
rPois    .         Spirit   .   m - +2 helmet {SInv}
rElec    .         Reflect  .   A - +0 cloak
rCorr    .         Harm     .   (no gloves)
MR       +....                  (no boots)
Stlth    ..........             R - amulet of regeneration
HPRegen  0.67/turn              r - ring of protection from fire
MPRegen  0.14/turn              T - ring "Imoesi" {rF+ rC- MR+ Int+5 Slay+3 Stlth+}

@: no status effects
A: walk on water
a: Smiting, Recall Orcish Followers, Give Item to Named Follower, Renounce
Religion


You were on level 12 of the Dungeon.
You worshipped Beogh.
Beogh was extremely pleased with you.
You were hungry.

You visited 2 branches of the dungeon, and saw 13 of its levels.
You also visited: Ossuary.

You collected 541 gold pieces.
You spent 246 gold pieces at shops.

Inventory:

Hand Weapons
 c - a +3 long sword
 i - a +0 war axe (weapon)
 u - a cursed +4 halberd of freezing
 B - a +1 whip of electrocution
 P - a +3 spear
Missiles
 h - 3 tomahawks of returning
 H - 7 tomahawks
 M - 4 poisoned tomahawks (quivered)
Armour
 m - a +2 helmet of see invisible (worn)
 q - a +0 shield (worn)
 A - a +0 cloak (worn)
 G - a +0 plate armour (worn)
Jewellery
 o - a +3 ring of protection
 r - a ring of protection from fire (left hand)
 Q - an uncursed ring of resist corrosion
 R - an amulet of regeneration (around neck)
 T - the ring "Imoesi" (right hand) {rF+ rC- MR+ Int+5 Slay+3 Stlth+}
   (You took it off a wight on level 10 of the Dungeon)

   [ring of stealth]

   It affects your intelligence (+5).
   It affects your accuracy and damage with ranged weapons and melee attacks
   (+3).
   It protects you from fire.
   It makes you vulnerable to cold.
   It affects your resistance to hostile enchantments.
   It makes you more stealthy.
 U - an uncursed ring of ice
Wands
 x - a wand of acid (7)
 D - a wand of flame (49)
 I - a wand of disintegration (18)
Scrolls
 a - a scroll of fog
 e - 3 scrolls of enchant weapon
 j - 3 scrolls of enchant armour {unknown}
 k - 4 scrolls of remove curse
 n - 4 scrolls of teleportation
 s - 3 scrolls of magic mapping
 t - a scroll of random uselessness
 v - 2 scrolls of fear
 y - 2 scrolls of immolation
 E - 3 scrolls of blinking
 N - 2 scrolls of amnesia
Potions
 b - 3 potions of haste
 d - a potion of might
 g - a potion of ambrosia
 l - 6 potions of curing
 p - 2 potions of heal wounds
 w - 2 potions of brilliance
 z - 5 potions of lignification
 C - 2 potions of agility
 F - a potion of flight
 J - a potion of magic
 K - 3 potions of mutation
 O - a potion of degeneration {unknown}
Comestibles
 f - 24 rations


   Skills:
 + Level 9.7 Fighting
 * Level 13.7 Axes
 + Level 9.0 Armour
 * Level 11.9 Shields
 + Level 4.6 Invocations
 * Level 4.2 Evocations


You had 11 spell levels left.
You didn't know any spells.
Your spell library contained the following spells:

 Spells                   Type           Power        Failure   Level  Hunger
 Confusing Touch          Hex            #.....       99%         1    ##.....
 Corona                   Hex            #......      99%         1    ##.....
 Sting                    Conj/Pois      #...         99%         1    ##.....
 Ensorcelled Hibernation  Hex/Ice        #.....       100%        2    ###....
 Poisonous Vapours        Pois/Air       #.....       100%        2    ###....
 Confuse                  Hex            #.......     100%        3    ####...
 Dazzling Spray           Conj/Hex       #.....       100%        3    ####...
 Gell's Gravitas          Tloc           #.........   100%        3    ####...
 Mephitic Cloud           Conj/Pois/Air  #.......     100%        3    ####...
 Tukima's Dance           Hex            #.......     100%        3    ####...
 Olgreb's Toxic Radiance  Pois           #.......     100%        4    #####..
 Petrify                  Tmut/Erth      #.......     100%        4    #####..
 Metabolic Englaciation   Hex/Ice        #.........   100%        5    ######.
 Venom Bolt               Conj/Pois      #.........   100%        5    ######.
 Yara's Violent Unravell  Hex/Tmut       #.........   100%        5    ######.


Dungeon Overview and Level Annotations

Branches:
Dungeon (12/15)            Temple (0/1) D:6            Lair (0/6) D:11
    Orc (1/2) D:9

Altars:
Cheibriados
Elyvilon
Fedhas
Hepliaklqana
Makhleb
Nemelex Xobeh
Okawaru
Qazlal
Sif Muna
Trog
Uskayaw
Xom
Zin
The Shining One

Shops:
D:4 *   D:6 [   D:8 [   D:11 *

Annotations:
D:9 2 runed translucent doors, kalagan's ghost, novice DEEE
D:12 Jorgrun
Orc:1 Erica


Message History

The two-headed ogre closely misses your ynoxinul. x2
Your ynoxinul barely misses Jorgrun.
Your smoke demon completely misses Jorgrun.
Your smoke demon hits Jorgrun but does no damage.
Your smoke demon closely misses Jorgrun.
Jorgrun gestures at you while chanting. The iron shot hits you!!!
* * * LOW HITPOINT WARNING * * *
Your orc high priest hits Jorgrun with a +0 club.
Your orange demon stings Jorgrun!
Your orange demon barely misses Jorgrun.
You catch the helpless Jorgrun completely off-guard!
You hit Jorgrun.
Jorgrun is heavily wounded.
Your ynoxinul barely misses Jorgrun.
Your smoke demon closely misses Jorgrun.
Your smoke demon barely misses Jorgrun. x2
Jorgrun points at your orc high priest and mumbles some strange words.
The wall shatters!
The blast of rock fragments hits you!
You die...

##.## ##o##
##o## ##.##
### ##o##
##..# #..#
#....## ###.#
#>....###ooo#
#..3@ooo####
#.O3g####
#...4#
.......#
#........
###..^...
##...## #..#


You could see Jorgrun, a two-headed ogre, a friendly orc knight, the friendly
Bolgrim the orc knight, a friendly orc high priest, a friendly orange demon, a
friendly smoke demon, a friendly ynoxinul, a friendly orc wizard and 2 friendly
orcs.

Vanquished Creatures
  Fannar (D:10)
  A hydra (D:8)
  An unseen horror (D:12)
  Pikel (D:5)
  A cyclops (D:10)
  Psyche (D:8)
  4 hippogriffs
  2 dream sheep (D:8)
  5 yaks
  A water moccasin (D:8)
  An orc warrior (D:6)
  5 ice beasts
  3 black bears
  3 sky beasts
  A necrophage (D:6)
  2 ogres
  A wolf (D:8)
  4 centaurs
  3 big kobolds (D:8)
  An elf zombie (Ossuary)
  2 bullfrogs
  3 gnoll sergeants
  A wyvern skeleton (D:6)
  A scorpion (D:6)
  4 killer bees
  12 wights
  4 howler monkeys
  2 crimson imps
  2 human zombies (Ossuary)
  4 bullfrog skeletons
  A bullfrog zombie (D:6)
  4 hounds
  3 jellies
  3 orc priests
  2 centaur skeletons
  6 orc wizards
  2 centaur zombies
  Jessica (D:2)
  2 iguanas
  12 worker ants
  3 big kobold zombies (Ossuary)
  2 hound zombies
  3 mummies (Ossuary)
  17 gnolls
  13 adders
  A shadow imp (D:6)
  2 oozes (D:3)
  3 adder zombies
  2 worms (D:2)
  4 dart slugs (D:1)
  6 leopard geckos
  36 orcs
  A ball python (D:3)
  7 bats (D:1)
  6 giant cockroaches
  A gnoll zombie (Ossuary)
  9 goblins
  14 hobgoblins
  2 jackals (D:7)
  A quokka (D:8)
  3 frilled lizards
  4 goblin zombies (Ossuary)
  2 hobgoblin zombies (Ossuary)
  3 jackal zombies (Ossuary)
  17 kobolds
  5 kobold zombies (Ossuary)
  A leopard gecko skeleton (D:4)
  An orc zombie (Ossuary)
  6 quokka zombies (Ossuary)
  5 rats (D:1)
  3 rat zombies (Ossuary)
296 creatures vanquished.

Vanquished Creatures (collateral kills)
  A hydra (D:10)
  2 two-headed ogres
  A cyclops (D:11)
  A gargoyle (D:11)
  Prince Ribbit (D:8)
  A hippogriff (D:9)
  4 yaks
  A hungry ghost (D:10)
  Grum (D:8)
  2 water moccasins (D:11)
  An acid dragon (D:11)
  A sky beast (D:8)
  An ogre (D:8)
  An orc warrior (D:9)
  2 phantoms
  An ice beast (D:8)
  2 centaurs (D:7)
  A wolf (D:8)
  A big kobold (D:11)
  2 bullfrogs
  2 scorpions
  7 wights
  2 crimson imps
  2 quasits
  An orc wizard (D:11)
  3 hounds
  A jelly (D:8)
  2 worker ants
  9 gnolls
  2 adders (D:7)
  4 orcs
  A quokka (D:7)
  A kobold (D:11)
65 creatures vanquished.

Vanquished Creatures (others)
  An orc priest (D:12)
  A gnoll (D:5)
  A worm (D:5)
  19 orcs
22 creatures vanquished.

Grand Total: 383 creatures vanquished

Notes
Turn   | Place    | Note
-------+----------+-------------------------------------------
     0 | D:1      | Requin the Hill Orc Fighter began the quest for the Orb.
     0 | D:1      | Reached XP level 1. HP: 19/19 MP: 1/1
   219 | D:1      | Reached skill level 3 in Axes
   224 | D:1      | Reached XP level 2. HP: 17/27 MP: 2/2
   546 | D:1      | Reached XP level 3. HP: 33/33 MP: 3/3
  1504 | D:2      | Reached XP level 4. HP: 36/40 MP: 4/4
  1527 | D:2      | Noticed Jessica
  1542 | D:2      | Killed Jessica
  1542 | D:2      | Reached skill level 4 in Axes
  1739 | D:2      | Found a blossoming altar of Fedhas.
  1876 | D:2      | Found a glowing golden altar of the Shining One.
  1982 | D:2      | Reached XP level 5. HP: 34/46 MP: 5/5
  2007 | D:2      | HP: 2/46 [poisoned by an adder]
  2518 | D:3      | Found a bloodstained altar of Trog.
  2636 | D:3      | Found a hide-covered altar of Uskayaw.
  2904 | D:4      | Found a shimmering altar of Xom.
  2905 | D:4      | Found a hazy altar of Hepliaklqana.
  2906 | D:4      | Noticed a spectral ugly thing
  2935 | D:4      | Became a worshipper of Beogh the Brigand
  2945 | D:4      | Found Haha's General Store.
  2959 | D:4      | Bought a scroll of fear for 45 gold pieces
  2973 | D:4      | Reached skill level 5 in Axes
  2973 | D:4      | Reached skill level 5 in Shields
  2973 | D:4      | Reached XP level 6. HP: 51/53 MP: 6/6
  3701 | D:4      | Found a sparkling altar of Nemelex Xobeh.
  3897 | D:4      | Reached * piety under Beogh
  4166 | D:5      | Entered Level 5 of the Dungeon
  4182 | D:5      | Noticed an ice beast
  4665 | D:4      | Killed an ice beast
  4665 | D:4      | Reached skill level 6 in Axes
  4665 | D:4      | Reached XP level 7. HP: 26/60 MP: 7/7
  4667 | D:4      | Reached skill level 5 in Fighting
  4999 | D:5      | Reached skill level 5 in Armour
  5158 | D:5      | Noticed Pikel
  5168 | D:5      | Reached skill level 7 in Axes
  5182 | D:5      | Killed Pikel
  5182 | D:5      | Reached skill level 8 in Axes
  5182 | D:5      | Reached XP level 8. HP: 29/70 MP: 8/8
  5417 | D:5      | Found a snail-covered altar of Cheibriados.
  5552 | D:5      | Reached ** piety under Beogh
  5956 | D:6      | Found a burning altar of Makhleb.
  5956 | D:6      | Found a glowing silver altar of Zin.
  5957 | D:6      | Noticed an angel
  5957 | D:6      | Noticed an Executioner
  6105 | D:6      | Reached XP level 9. HP: 77/77 MP: 9/9
  6142 | D:6      | Reached skill level 9 in Axes
  6164 | D:6      | Found a staircase to the Ecumenical Temple.
  6216 | D:6      | Found Munynu's Armour Emporium.
  6253 | D:6      | Found a deep blue altar of Sif Muna.
  6866 | D:7      | Reached *** piety under Beogh
  6908 | D:7      | Found a sand-covered staircase.
  6951 | Ossuary  | Entered an ossuary
  7030 | Ossuary  | Reached **** piety under Beogh
  7092 | Ossuary  | Reached skill level 10 in Axes
  7844 | D:8      | Noticed a two-headed ogre
  7888 | D:8      | Reached XP level 10. HP: 71/86 MP: 10/10
  7931 | D:7      | Killed a two-headed ogre
  7931 | D:7      | Reached skill level 11 in Axes
  8148 | D:8      | Noticed Prince Ribbit
  8151 | D:8      | Noticed Psyche
  8163 | D:8      | Killed Prince Ribbit
  8163 | D:8      | Reached skill level 10 in Shields
  8169 | D:8      | Killed Psyche
  8193 | D:8      | Reached ***** piety under Beogh
  8318 | D:8      | Noticed Grum
  8325 | D:8      | Noticed a three-headed hydra
  8328 | D:8      | Killed Grum
  8345 | D:8      | Killed a three-headed hydra
  8345 | D:8      | Reached skill level 12 in Axes
  8377 | D:8      | HP: 1/90 [yak (9)]
  8733 | D:8      | Reached XP level 11. HP: 95/95 MP: 11/11
  8973 | D:8      | Found Kukke's Armour Shop.
  9553 | D:9      | Found a staircase to the Orcish Mines.
  9637 | D:9      | Found a white marble altar of Elyvilon.
  9726 | D:9      | Reached skill level 1 in Invocations
  9750 | D:9      | Got a translucent glaive
  9797 | D:9      | Found a large runed translucent door.
  9797 | D:9      | Found a large runed translucent door.
  9809 | D:9      | Noticed kalagan's ghost (novice DEEE)
  9882 | D:9      | Found a stormy altar of Qazlal.
  9882 | D:9      | Found an iron altar of Okawaru.
  9970 | Orc:1    | Entered Level 1 of the Orcish Mines
  9970 | Orc:1    | Noticed Erica
  9971 | Orc:1    | Noticed a two-headed ogre
  9986 | D:10     | Entered Level 10 of the Dungeon
 10158 | D:10     | Reached skill level 1 in Evocations
 10294 | D:10     | Noticed a cyclops
 10299 | D:10     | Noticed a four-headed hydra
 10302 | D:10     | Killed a cyclops
 10310 | D:10     | Killed a four-headed hydra
 10413 | D:10     | Identified the ring "Imoesi" {rF+ rC- MR+ Int+5 Slay+3
                  | Stlth+}
 10565 | D:10     | Reached skill level 13 in Axes
 10580 | D:10     | Noticed Fannar
 10595 | D:10     | Killed Fannar
 10865 | D:11     | Identified the +6 glaive of Vibood {protect, rC- MR++} (You
                  | found it on level 9 of the Dungeon)
 10879 | D:11     | Noticed a cyclops
 10888 | D:11     | Killed a cyclops
 10918 | D:11     | Found Volixice's General Store.
 10936 | D:11     | Bought a potion of ambrosia for 104 gold pieces
 10936 | D:11     | Bought a scroll of identify for 26 gold pieces
 10936 | D:11     | Bought a scroll of identify for 26 gold pieces
 10936 | D:11     | Bought a scroll of amnesia for 45 gold pieces
 10953 | D:11     | Noticed a two-headed ogre
 10963 | D:11     | Killed a two-headed ogre
 10974 | D:11     | Gained Judas as an ally
 11239 | D:11     | Gained Bolgrim as an ally
 11458 | D:11     | Reached XP level 12. HP: 105/105 MP: 15/15
 11689 | D:11     | Found a staircase to the Lair.
 11907 | D:12     | Noticed Jorgrun
 11908 | D:12     | Your ally Judas died
 11911 | D:12     | Noticed a two-headed ogre
 11917 | D:12     | Killed from afar by Jorgrun

Skill      XL: |  1  2  3  4  5  6  7  8  9 10 11 12 |
---------------+-------------------------------------+-----
Axes           | 3 4 5 6 8 10 12 13 | 13.7
Shields        | 4 5 7 9 10 11 | 11.9
Fighting       | 4 6 7 8 9 |  9.7
Armour         | 4 5 6 7 8 9 |  9.0
Invocations    | 4 |  4.6
Evocations     | 3 4 |  4.2

Action                   |  1- 3 |  4- 6 |  7- 9 | 10-12 || total
-------------------------+-------+-------+-------+-------++-------
Melee: War axe           |    57 |       |       |    72 ||   129
       Short sword       |    51 |   261 |   104 |       ||   416
       Whip              |       |       |   347 |   352 ||   699
       Glaive            |       |       |       |     4 ||     4
Throw: Stone             |     3 |    14 |    19 |       ||    36
       Tomahawk          |       |       |       |    21 ||    21
Invok: Convert to Beogh  |       |     1 |       |       ||     1
       Smiting           |       |       |       |     5 ||     5
       Recall Orcish Fol |       |       |       |     2 ||     2
       Give Item to Name |       |       |       |     2 ||     2
Evoke: Wand              |       |       |       |     3 ||     3
  Use: Scroll            |       |     5 |     6 |    10 ||    21
       Potion            |       |       |       |     1 ||     1
 Stab: Distracted        |       |       |     1 |     6 ||     7
  Eat: Chunk             |     2 |     6 |     6 |     8 ||    22
       Ration            |       |     1 |     2 |     1 ||     4
Armor: Scale mail        |    55 |   125 |    86 |       ||   266
       Plate armour      |       |       |   115 |   233 ||   348
Dodge: Dodged            |    37 |    67 |    86 |   109 ||   299
Block: Shield            |    71 |   141 |   213 |   268 ||   693
